 Dungeon Crawl Stone Soup version 0.30-a0-709-gcdc1b43e22 (webtiles) character file.

Game seed: 14900838738228361538

924 Fenrisus the Shield-Bearer (level 7, -4/64 HPs)
             Began as a Minotaur Fighter on Jan 22, 2023.
             Was an Initiate of Okawaru.
             Slain by Duvessa
             ... wielding a +0 rapier
              (15 damage)
             ... on level 5 of the Dungeon.
             The game lasted 00:15:10 (3827 turns).

Fenrisus the Shield-Bearer (Minotaur Fighter)       Turns: 3827, Time: 00:15:11

Health: -4/64      AC: 10    Str: 23    XL:     7   Next: 84%
Magic:  6/6        EV:  9    Int:  5    God:    Okawaru [......]
Gold:   287        SH:  5    Dex:  9    Spells: 6/6 levels left

rFire   . . .      SeeInvis .    a - +1 war axe
rCold   . . .      Faith    .    c - +0 buckler
rNeg    . . .      Spirit   .    b - +0 scale mail
rPois   +          Reflect  .    (helmet restricted)
rElec   .          Harm     .    (no cloak)
rCorr   .          Rampage  .    l - +1 pair of gloves
Will    .....                    (no boots) Stlth
                                 t - amulet of the acrobat
HPRegen 0.30/turn                e - ring of poison resistance
MPRegen 0.10/turn                s - ring of flight

@: mighty, flying
A: horns 2, retaliatory headbutt
a: Renounce Religion


You were on level 5 of the Dungeon.
You worshipped Okawaru.
Okawaru was noncommittal.
You visited 2 branches of the dungeon, and saw 6 of its levels.

You collected 287 gold pieces.

Inventory:

Hand Weapons
 a - a +1 war axe (weapon)
Armour
 b - a +0 scale mail (worn)
 c - a +0 buckler (worn)
 l - a +1 pair of gloves (worn)
Jewellery
 e - a ring of poison resistance (left hand)
 g - a ring of wizardry
 h - a ring of see invisible
 j - an amulet of magic regeneration
 s - a ring of flight (right hand)
 t - an amulet of the acrobat (around neck)
Wands
 v - a wand of iceblast (6)
Scrolls
 f - a scroll of amnesia
 m - a scroll of enchant weapon
 u - 2 scrolls of teleportation
Potions
 d - 2 potions of might
 k - 2 potions of invisibility {unknown}
 n - a potion of cancellation {unknown}
 o - 2 potions of brilliance {unknown}
 q - a potion of heal wounds {unknown}
 r - a potion of berserk rage {unknown}


   Skills:
 + Level 6.4 Fighting
 + Level 5.9 Axes
 + Level 6.4 Armour
 + Level 6.5 Shields


You had 6 spell levels left.
You didn't know any spells.
Your spell library contained the following spells:

 Spells                   Type           Power      Damage    Failure   Level
 Kiss of Death            Conj/Necr      0%         2d5       83%         1
 Confusing Touch          Hex            0%         N/A       99%         3
 Ignite Poison            Fire/Tmut/Pois 0%         N/A       99%         3
 Kindle Blastsparks       Fire/Tloc/Air  0%         2d10      99%         3
 Portal Projectile        Hex/Tloc       0%         N/A       99%         3
 Dispel Undead            Necr           0%         3d6       100%        4
 Leda's Liquefaction      Hex/Erth       0%         N/A       100%        4
 Freezing Cloud           Conj/Ice/Air   0%         6-21      100%        5
 Call Canine Familiar     Summ           Unusable   N/A       N/A         3

Dungeon Overview and Level Annotations

Branches:
Dungeon (5/15)             Temple (1/1) D:4

Altars:
Ashenzari
Cheibriados
Dithmenos
Elyvilon
Fedhas
Gozag
Hepliaklqana
Kikubaaqudgha
Makhleb
Nemelex Xobeh
Okawaru
Trog
Uskayaw
Yredelemnul
Zin
The Shining One

Annotations:
D:5 Duvessa


Innate Abilities, Weirdness & Mutations

You have a pair of horns on your head.
You reflexively headbutt those who attack you in melee.


Message History

Dowan misses you. You furiously retaliate!
You headbutt Dowan! You hit Dowan.
Dowan is severely wounded.
You hit Duvessa. Duvessa barely misses you. You block Dowan's attack.
You miss Dowan. You headbutt Dowan!
You kill Dowan!
Okawaru accepts your kill.
Duvessa screams in rage.
Duvessa goes berserk!
You hit Duvessa. Duvessa hits you with a +0 rapier! Duvessa closely misses you.
You slash Duvessa! You headbutt Duvessa!
Duvessa is heavily wounded.
Duvessa barely misses you. x2
You closely miss Duvessa.
Duvessa is heavily wounded.
Duvessa completely misses you. Duvessa hits you with a +0 rapier!
You slash Duvessa! You headbutt Duvessa, but do no damage.
Duvessa is severely wounded.
You block Duvessa's attack. x2
You closely miss Duvessa. Your headbutt misses Duvessa.
Duvessa is severely wounded.
Duvessa hits you with a +0 rapier. You block Duvessa's attack.
You closely miss Duvessa.
Duvessa is severely wounded.
Duvessa hits you with a +0 rapier! x2
* * * LOW HITPOINT WARNING * * *
You are too injured to fight recklessly!
You are too injured to fight recklessly!
You feel better. Duvessa barely misses you.
You feel better. You block Duvessa's attack. Duvessa hits you with a +0 rapier.
You feel very mighty all of a sudden. Duvessa hits you with a +0 rapier!
* * * LOW HITPOINT WARNING * * *
Read: scroll of fear
Press: ? - help, Q - select action, (/) - cycle Dir - look around, f - activate
As you read the scroll of fear, it crumbles to dust.
You assume a fearsome visage.
Duvessa is unaffected.
You block Duvessa's attack. Duvessa hits you with a +0 rapier!
You die...

##.....$##
##.?......##
#........>.###
#............
#..........#
#..........# ##
#....).....# ..#
#..@e....#### ...
#..........†.# ##.
#..........#.######
.
#.[........#......#
#
#......:...######.#
# #.>........#
#.### ##..>.....##
#.... ##......##
###.. ##.#


You could see Duvessa (berserk).

Vanquished Creatures
  Sigmund (D:2)
  2 phantoms
  Dowan (D:5)
  3 jellies (D:4)
  An orc priest (D:4)
  2 hounds
  Natasha (twice) (D:3)
  2 orc wizards
  9 adders
  3 gnolls (D:3)
  A shadow imp (D:4)
  A worm (D:3)
  2 dart slugs
  10 orcs
  21 endoplasms
  8 giant cockroaches
  18 goblins
  12 hobgoblins
  3 jackals (D:5)
  A quokka (D:4)
  11 ball pythons
  11 bats
  5 frilled lizards
  12 kobolds
  15 rats
157 creatures vanquished.

Vanquished Creatures (others)
  5 fungi (D:4)
  5 toadstools (D:4)
10 creatures vanquished.

Grand Total: 167 creatures vanquished

Notes
Turn   | Place    | Note
-------+----------+-------------------------------------------
     0 | D:1      | Fenrisus the Minotaur Fighter began the quest for the Orb.
     0 | D:1      | Reached XP level 1. HP: 19/19 MP: 0/0
   105 | D:1      | Reached XP level 2. HP: 27/27 MP: 1/1
   392 | D:1      | Reached XP level 3. HP: 33/33 MP: 2/2
   588 | D:1      | You fall into a shaft and drop 1 floor!
   984 | D:1      | Found a faded altar of an unknown god.
  1166 | D:2      | Reached XP level 4. HP: 40/40 MP: 3/3
  1343 | D:2      | Noticed Sigmund
  1357 | D:2      | Killed Sigmund
  1358 | D:2      | Reached skill level 5 in Armour
  1358 | D:2      | Reached skill level 5 in Shields
  1358 | D:2      | Reached XP level 5. HP: 28/47 MP: 4/4
  1373 | D:2      | Reached skill level 5 in Fighting
  1486 | D:2      | Reached XP level 6. HP: 56/56 MP: 5/5
  1923 | D:3      | Found a glowing golden altar of the Shining One.
  1934 | D:3      | Noticed Natasha
  1939 | D:3      | Killed Natasha
  2271 | D:3      | Noticed Natasha
  2279 | D:3      | Killed Natasha
  2407 | D:4      | Reached skill level 5 in Axes
  2419 | D:4      | Found an opulent altar of Gozag.
  2469 | D:4      | Reached XP level 7. HP: 52/62 MP: 6/6
  3004 | D:4      | Found a staircase to the Ecumenical Temple.
  3016 | Temple   | Entered the Ecumenical Temple
  3171 | Temple   | Became a worshipper of Warmaster Okawaru
  3553 | D:5      | Entered Level 5 of the Dungeon
  3678 | D:5      | Found a bloodstained altar of Trog.
  3803 | D:5      | Noticed Duvessa
  3805 | D:5      | Noticed Dowan
  3818 | D:5      | Killed Dowan
  3827 | D:5      | Slain by Duvessa

Illustrated notes

Levels and vault maps discovered:
D:1:      dpeg_arrival_subterranean_lakeside_camping, layout_loops_cross,
          hellmonk_ecumenical_altar_pennies_from_heaven, grunt_decor_arrowhead,
          grunt_decor_junction, minmay_pentomino_u4
D:2:      minmay_chambers_of_twos, layout_rooms, minmay_misc_feat_more_columns,
          uniq_sigmund
D:3:      wad_pebble_path, layout_basic, tso_metal_star, uniq_natasha
D:4:      cheibrodos_fertilizer, layout_gridville, nicolae_gozag_seed_capital,
          temple_statues, st_stairs_13, hex_tiny
D:5:      layout_rooms, trog_hazing_becter, grunt_temple_overflow_open,
          uniq_duvessa
Temple:   hellmonk_temple_forest_ring

Skill      XL: |  1  2  3  4  5  6  7 |
---------------+----------------------+-----
Shields        | 4 5 6 |  6.5
Fighting       | 4 5 6 |  6.4
Armour         | 4 5 6 |  6.4
Axes           | 3 4 5 |  5.9

Action                     |  1- 3 |  4- 6 |  7- 9 || total
---------------------------+-------+-------+-------++-------
  Melee: War axe           |   101 |   117 |    67 ||   285
         Headbutt          |     5 |    16 |    10 ||    31
    Use: Scroll            |       |     4 |     7 ||    11
         Potion            |       |       |     3 ||     3
 Armour: Scale mail        |    47 |    57 |    24 ||   128
  Dodge: Dodged            |    41 |    59 |    36 ||   136
  Block: Buckler           |    30 |    37 |    22 ||    89

Table legend: (Time is in decaauts)
 A = Elapsed time spent in this place.
 B = Non-inter-level travel time spent in this place.
 C = Inter-level travel time spent in this place.
 D = Time resting spent in this place.
 E = Time spent auto-exploring this place.
 F = Levels seen in this place.
 G = Mean time per level.
                   A        B        C        D        E       F      G
               +--------+--------+--------+--------+--------+-----+--------+
         Total |   3923 |   2847 |   1076 |    446 |   1593 |   6 |  653.8 |
       Dungeon |   3750 |   2703 |   1047 |    446 |   1461 |   5 |  750.0 |
        Temple |    172 |    143 |     29 |      0 |    132 |   1 |  172.0 |
               +--------+--------+--------+--------+--------+-----+--------+

Top non-repeatable levels by time:
     D:4: 1047 daAuts
     D:1: 851 daAuts
     D:3: 790 daAuts
     D:2: 781 daAuts
     D:5: 279 daAuts
  Temple: 172 daAuts
